 Dungeon Crawl Stone Soup version 0.30-a0-743-gbfdf073431 (webtiles) character file.

Game seed: 5505168177587776701

170 jimonade the Magician (level 5, -3/36 HPs)
             Began as a Demonspawn Hedge Wizard on Feb 6, 2023.
             Slain by Crazy Yiuf
             ... wielding a +2 quarterstaff of chaos
              (17 damage)
             ... on level 2 of the Dungeon.
             The game lasted 00:07:49 (2942 turns).

jimonade the Magician (Demonspawn Hedge Wizard)     Turns: 2942, Time: 00:07:49

Health: -3/36      AC:  4    Str: 13    XL:     5   Next: 25%
Magic:  11/11      EV: 12    Int: 15    God:
Gold:   64         SH:  0    Dex: 12    Spells: 6/12 levels left

rFire   . . .      SeeInvis .    a - +0 dagger
rCold   . . .      Faith    .    (no shield)
rNeg    . . .      Spirit   .    h - +0 robe
rPois   .          Reflect  .    c - +0 hat
rElec   .          Harm     .    (no cloak)
rCorr   .          Rampage  .    (no gloves)
Will    .....                    (no boots)
Stlth   ++                       (no amulet)
HPRegen 0.26/turn                (no ring)
MPRegen 0.12/turn                (no ring)

@: no status effects
A: molten scales 1, powered by death 1, spiny 1
a: no special abilities


You were on level 2 of the Dungeon.
You visited 1 branch of the dungeon, and saw 2 of its levels.

You collected 64 gold pieces.

Inventory:

Hand Weapons
 a - a +0 dagger (weapon)
 b - a +1 sling of freezing
 n - a +0 spear
Missiles
 l - 5 silver javelins
Armour
 c - a +0 hat (worn)
 e - a +0 ring mail
 h - a +0 robe (worn)
 m - a +0 ring mail
Scrolls
 i - a scroll of immolation {unknown}
Potions
 d - a potion of magic
 f - a potion of mutation
 g - 4 potions of curing {unknown}
 j - 2 potions of flight {unknown}
 k - a potion of attraction {unknown}
 o - a potion of cancellation {unknown}
 p - a potion of haste


   Skills:
 + Level 0.7 Fighting
 + Level 1.3 Short Blades
 + Level 1.4 Ranged Weapons
 + Level 2.2 Dodging
 - Level 1.7 Stealth
 + Level 4.1 Spellcasting
 + Level 2.1 Conjurations
 + Level 1.3 Summonings
 + Level 0.8 Translocations


You had 6 spell levels left.
You knew the following spells:

 Your Spells              Type           Power      Damage    Failure   Level
a - Magic Dart            Conj           36%        1d4       8%          1
b - Slow                  Hex            12%        N/A       19%         1
c - Call Imp              Summ           7%         N/A       16%         2
d - Blink                 Tloc           10%        N/A       19%         2

Your spell library contained the following spells:

 Spells                   Type           Power      Damage    Failure   Level
 Cigotuvi's Dreadful Rot  Necr/Pois/Air  6%         N/A       26%         2
 Mephitic Cloud           Conj/Pois/Air  5%         N/A       36%         3


Dungeon Overview and Level Annotations

Branches:
Dungeon (2/15)

Altars:

Annotations:
D:2 Crazy Yiuf


Innate Abilities, Weirdness & Mutations

You are partially covered in molten scales. (AC +2)
You regenerate a little health from kills.
You are partially covered in sharp spines.


Message History

The worm is struck by your spines. The worm bites you!
You hit the worm.
The worm is severely wounded.
You completely miss the worm.
The worm is severely wounded.
The worm bites you!
You hit the worm.
The worm is severely wounded.
You hit the worm.
The worm is severely wounded.
The worm bites you.
You hit the worm but do no damage.
The worm is severely wounded.
You hit the worm but do no damage.
The worm is severely wounded.
The worm barely misses you.
You hit the worm.
The worm is almost dead.
You hit the worm.
You kill the worm!
No target in view!
Found a hammer.
Found a runed translucent door.
Crazy Yiuf shouts!
Okay, then.
Okay, then.
Unknown command.
Unknown command.
No target in view!
You open the door. You hit Crazy Yiuf.
Crazy Yiuf is lightly wounded.
Crazy Yiuf hits you with a +2 quarterstaff of chaos!
Crazy Yiuf draws strength from your wounds!
You hit Crazy Yiuf but do no damage. Crazy Yiuf barely misses you.
You completely miss Crazy Yiuf. Crazy Yiuf barely misses you.
You closely miss Crazy Yiuf.
Crazy Yiuf hits you with a +2 quarterstaff of chaos!
You completely miss Crazy Yiuf.
Crazy Yiuf hits you with a +2 quarterstaff of chaos!
You die...

#...# #.#.# #.#.#
#.#.# #.#.#####
#.#.....#
#.####### ###
♣♣#### ##.#
#)..#♣♣ ♣♣....##
..<#
#...g@♣♣♣♣......#
####
#...#♣..♣.......#
### ♣♣♣.♣......#
♣♣♣♣♣##.## ## #.#
.# ### ###.#
.###### #.# #...#
......# #.# #.###
.####.# #.# ##.#


You could see Crazy Yiuf.

Vanquished Creatures
  A gnoll (D:1)
  3 adders (D:2)
  A worm (D:2)
  5 dart slugs
  4 ball pythons
  7 endoplasms
  4 giant cockroaches
  13 goblins
  10 hobgoblins
  4 jackals (D:1)
  2 bats (D:1)
  3 kobolds (D:1)
  2 rats
59 creatures vanquished.

Vanquished Creatures (collateral kills)
  Robin (D:1)
  3 gnolls (D:2)
  An adder (D:2)
  2 goblins (D:2)
7 creatures vanquished.

Grand Total: 66 creatures vanquished

Notes
Turn   | Place    | Note
-------+----------+-------------------------------------------
     0 | D:1      | jimonade the Demonspawn Hedge Wizard began the quest for
                  | the Orb.
     0 | D:1      | Reached XP level 1. HP: 13/13 MP: 4/4
   220 | D:1      | Gained mutation: You regenerate a little health from kills.
                  | [demonic ancestry]
   220 | D:1      | Reached XP level 2. HP: 19/19 MP: 0/6
   836 | D:1      | Reached XP level 3. HP: 24/24 MP: 2/8
  1151 | D:1      | Learned a level 1 spell: Slow
  1154 | D:1      | Learned a level 2 spell: Call Imp
  1157 | D:1      | Learned a level 2 spell: Blink
  1621 | D:2      | Reached skill level 1 in Short Blades
  1621 | D:2      | Gained mutation: You are partially covered in sharp spines.
                  | [demonic ancestry]
  1621 | D:2      | Reached XP level 4. HP: 30/30 MP: 5/9
  1824 | D:2      | Noticed Robin
  1951 | D:1      | Killed Robin
  2178 | D:2      | Reached skill level 1 in Ranged Weapons
  2192 | D:2      | Reached skill level 4 in Spellcasting
  2325 | D:2      | Gained mutation: You are partially covered in molten
                  | scales. (AC +2) [demonic ancestry]
  2325 | D:2      | Reached XP level 5. HP: 36/36 MP: 8/11
  2923 | D:2      | Found a runed translucent door.
  2924 | D:2      | Noticed Crazy Yiuf
  2942 | D:2      | Slain by Crazy Yiuf

Illustrated notes

Levels and vault maps discovered:
D:1:      lightli_arrival_windingriver, layout_loops_ring,
          corexii_leaking_fountain, minmay_pentomino_x4
D:2:      layout_loops_ring, uniq_crazy_yiuf_cottage, uniq_robin

Skill      XL: |  1  2  3  4 |
---------------+-------------+-----
Dodging        | 2 |  2.2
Conjurations   | 2 |  2.1
Short Blades   | 1 |  1.3
Ranged Weapons | 1 |  1.4
Spellcasting   | 4 |  4.1
Fighting       | |  0.7
Stealth        | |  1.7
Summonings     | |  1.3
Translocations | |  0.8

Action                     |  1- 3 |  4- 6 || total
---------------------------+-------+-------++-------
  Melee: Dagger            |    82 |    60 ||   142
         Punch             |       |     1 ||     1
   Fire: Sling             |       |    16 ||    16
   Cast: Magic Dart        |    76 |    30 ||   106
         Call Imp          |     1 |     9 ||    10
    Use: Scroll            |     4 |       ||     4
   Stab: Sleeping          |     4 |     1 ||     5
 Armour: Robe              |    21 |    11 ||    32
  Dodge: Dodged            |    62 |    34 ||    96

Table legend: (Time is in decaauts)
 A = Elapsed time spent in this place.
 B = Non-inter-level travel time spent in this place.
 C = Inter-level travel time spent in this place.
 D = Time resting spent in this place.
 E = Time spent auto-exploring this place.
 F = Levels seen in this place.
 G = Mean time per level.
                   A        B        C        D        E       F      G
               +--------+--------+--------+--------+--------+-----+--------+
         Total |   2941 |   2941 |      0 |     69 |   2123 |   2 | 1470.5 |
       Dungeon |   2941 |   2941 |      0 |     69 |   2123 |   2 | 1470.5 |
               +--------+--------+--------+--------+--------+-----+--------+

Top non-repeatable levels by time:
     D:1: 1511 daAuts
     D:2: 1429 daAuts
